 Dungeon Crawl Stone Soup version 0.29.1-14-g9c671dbff4 (webtiles) character file.

Game seed: 3136358065295198875

65 MacCMillion the Conjurer (level 3, 0/26 HPs)
             Began as a Draconian Conjurer on Feb 16, 2023.
             Killed by nerve-wracking pain
             ... invoked by an orc priest
              (9 damage)
             ... on level 2 of the Dungeon.
             The game lasted 00:04:29 (2151 turns).

MacCMillion the Conjurer (Draconian Conjurer)       Turns: 2151, Time: 00:04:29

Health: 0/26       AC:  5    Str:  9    XL:     3   Next: 92%
Magic:  5/7        EV: 12    Int: 20    God:
Gold:   85         SH:  0    Dex:  9    Spells: 5/8 levels left

rFire   . . .      SeeInvis .   k - +0 dagger
rCold   . . .      Faith    .   (no shield)
rNeg    . . .      Spirit   .   (body armour unavailable)
rPois   .          Reflect  .   (helmet restricted)
rElec   .          Harm     .   (no cloak)
rCorr   .          Rampage  .   (no gloves)
Will    .....                   (no boots)
Stlth   ++........              (no amulet)
HPRegen 0.08/turn               (no ring)
MPRegen 0.10/turn               (no ring)

@: no status effects
A: AC +5, unfitting armour, cold-blooded
a: no special abilities


You were on level 2 of the Dungeon.
You visited 1 branch of the dungeon, and saw 2 of its levels.

You collected 85 gold pieces.

Inventory:

Hand Weapons
 k - a +0 dagger (weapon)
Scrolls
 e - a scroll of blinking {unknown}
 f - a scroll of enchant armour {unknown}
 g - 3 scrolls of fog {unknown}
 h - 4 scrolls of identify {unknown}
 i - a scroll of vulnerability {unknown}
 j - a scroll of teleportation {unknown}
 l - a scroll of enchant weapon {unknown}
Potions
 a - a potion of magic
 b - a potion of brilliance {unknown}
 c - 2 potions of degeneration {unknown}
 d - a potion of might {unknown}
 m - 2 potions of heal wounds {unknown}


   Skills:
 - Level 1.7 Dodging
 - Level 1.7 Stealth
 - Level 3.0 Spellcasting
 + Level 5.0 Conjurations


You had 5 spell levels left.
You knew the following spells:

 Your Spells              Type           Power      Damage    Failure   Level
a - Magic Dart            Conj           92%        1d7       1%          1
b - Searing Ray           Conj           46%        2d6       2%          2

Your spell library contained the following spells:

 Spells                   Type           Power      Damage    Failure   Level
 Foxfire                  Conj/Fire      52%        2x1d6     4%          1
 Apportation              Tloc           6%         N/A       14%         1
 Necrotise                Necr           12%        1d4       14%         1
 Summon Small Mammal      Summ           12%        N/A       14%         1
 Conjure Flame            Conj/Fire      13%        6-21      16%         3
 Dazzling Flash           Conj/Hex       26%        N/A       16%         3
 Inner Flame              Hex/Fire       3%         N/A       38%         3
 Flame Wave               Conj/Fire      13%        2d6       45%         4
 Fulminant Prism          Conj/Hex       6%         3d7       45%         4
 Iskenderun's Mystic Bla  Conj/Tloc      13%        2d5       45%         4
 Summon Lightning Spire   Summ/Air       3%         N/A       80%         4
 Storm Form               Tmut/Air       1%         N/A       100%        7
 Maxwell's Capacitive Co  Air            1%         ∞         100%        8


Dungeon Overview and Level Annotations

Branches:
Dungeon (2/15)

Altars:
Fedhas


Innate Abilities, Weirdness & Mutations

Your plain brown scales are hard. (AC +5)
You cannot fit into any form of body armour.
You are cold-blooded and may be slowed by cold attacks.


Message History

Found a short sword.
You now have 85 gold pieces (gained 16).
A rat comes into view.
A rat is nearby!
The magic dart hits the rat.
The rat is moderately wounded.
The magic dart hits the rat.
You kill the rat!
A goblin comes into view. It is wielding a +0 club.
The magic dart hits the goblin.
You kill the goblin!
You can't see any susceptible monsters within range! (Use Z to cast anyway.)
You see here a +0 club.
Found a spear.
A quokka comes into view.
The magic dart hits the quokka but does no damage.
The magic dart hits the quokka.
You kill the quokka!
Your Conjurations skill increases to level 5!
You see here a +0 spear.
You pick up a book of the Sky and begin reading...
You add the spells Summon Lightning Spire, Storm Form and Maxwell's Capacitive Coupling to your library.
Okay, then.
An orc priest comes into view. It is wielding a +0 dagger.
The magic dart hits the orc priest.
The orc priest is lightly wounded.
The orc priest shouts!
You hear a shout! x2
The orc priest invokes the aid of Beogh against you.
Beogh smites you!
Ouch! That really hurt!
You are too injured to fight recklessly!
Unknown command.
Aiming: Magic Dart (safe; 1% risk of failure)
Press: ? - help, Q - select action, (/) - cycle Shift-Dir - straight line, f/p - orc priest
Aim: an orc priest, wielding a +0 dagger (lightly wounded, 100% to hit)
The magic dart hits the orc priest.
The orc priest is moderately wounded.
The orc priest invokes the aid of Beogh against you.
Pain shoots through your body!
You die...

#. #.# .. .o #. #. ####.####
#....@..# #.##.##.######.
#.##.##........
############(##..........#
#.........##.#####..##...# #
#.##.##.#.##.#####..###.#### .
#.##.##.#.##...............#.#
#..............#.##..#..##.#.#
#..#.#..#.####.#.##..#.......#


You could see an orc priest.

Vanquished Creatures
  2 adders (D:2)
  4 orcs
  2 ball pythons (D:1)
  4 endoplasms
  A giant cockroach (D:1)
  8 goblins
  3 hobgoblins (D:1)
  2 quokkas
  3 bats
  2 frilled lizards
  4 kobolds
  5 rats
40 creatures vanquished.

Notes
Turn   | Place    | Note
-------+----------+-------------------------------------------
     0 | D:1      | MacCMillion the Draconian Conjurer began the quest for the
                  | Orb.
     0 | D:1      | Reached XP level 1. HP: 14/14 MP: 3/3
   563 | D:1      | Reached XP level 2. HP: 20/20 MP: 1/5
   610 | D:1      | Learned a level 2 spell: Searing Ray
  1304 | D:2      | Reached XP level 3. HP: 24/26 MP: 1/7
  1771 | D:2      | Found a blossoming altar of Fedhas.
  1800 | D:2      | Found a faded altar of an unknown god.
  2084 | D:2      | Reached skill level 5 in Conjurations
  2151 | D:2      | Killed from afar by an orc priest

Illustrated notes

Levels and vault maps discovered:
D:1:      roderic_dead_forest, layout_loops_cross
D:2:      layout_loops_cross, basic_altar, shapermc_ecumenical_altar_venn,
          minmay_octomino_j4

Skill      XL: |  1  2  3 |
---------------+----------+-----
Spellcasting   | 3 |  3.0
Conjurations   | 5 |  5.0
Dodging        | |  1.7
Stealth        | |  1.7

Action                   || total
-------------------------++-------
Melee: Short sword       ||    12
       Dagger            ||     1
 Cast: Magic Dart        ||    75
 Stab: Sleeping          ||     1
Armor: Skin              ||     8
Dodge: Dodged            ||    15
